[Event "Titled Tuesday Blitz August 22 Early 2023"]
[White "Piesik, Piotr"]
[Black "Buscar, Michael"]
[WhiteFideId "1136194"]
[BlackFideId "2603616"]
[WhiteElo "2645"]
[BlackElo "2360"]
[Result "1-0"]
[Round "5"]
[TimeControl "180+1"]
[Date "2023.08.22"]
[WhiteClock "0:00:33"]
[BlackClock "0:00:03"]
[Board "177"]

1. Nf3 Nf6 2. g3 g6 3. Bg2 Bg7 4. O-O O-O 5. d4 c5 6. c3 cxd4 7. cxd4 d5 8. Nc3 Nc6 9. Ne5 Qb6 10. Nxc6 bxc6 11. b3 Ba6 12. Na4 Qb4 13. Nc5 Bc8 14. e3 Nd7 15. Nd3 Qb6 16. Ba3 Re8 17. Qd2 Ba6 18. Rac1 e5 19. Bc5 Nxc5 20. dxc5 Qc7 21. Rfd1 Bxd3 22. Qxd3 e4 23. Qa6 Rab8 24. Rc2 Qb7 25. Bf1 Qxa6 26. Bxa6 f5 27. Kf1 Rb4 28. Ke2 Kf7 29. Rb1 Reb8 30. Rcc1 Ke6 31. Kd2 h5 32. Kc2 Rd8 33. a3 Rbb8 34. b4 d4 35. exd4 Bxd4 36. Rf1 h4 37. Rbd1 hxg3 38. hxg3 Be5 39. Rxd8 Rxd8 40. Bb7 Kd5 41. Rd1+ Bd4 42. Kb3 Rd7 43. Ba6 Ke5 44. Kc4 g5 45. Bc8 Rd8 46. Bb7 f4 47. gxf4+ gxf4 48. Bxc6 e3 49. fxe3 fxe3 50. Bf3 Kf4 51. Be2 Bf6 52. Rxd8 Bxd8 53. Kd5 Kg3 54. Kd6 Kf2 55. Bc4 e2 56. Bxe2 Kxe2 57. Kd7 Bh4 58. c6 Bg3 59. c7 Bxc7 60. Kxc7 Kd3 61. Kb7 Kc4 62. Kxa7 Kb5 63. Kb7 Ka4 64. Ka6 Kxa3 65. b5 1-0


[Site "https://www.chess.com"]

[Event "Titled Tuesday Blitz August 22 Early 2023"]
[White "Veiga, Jose Francisco R P Neves"]
[Black "Okike, David"]
[WhiteFideId "1930087"]
[BlackFideId "8500134"]
[WhiteElo "2625"]
[BlackElo "2348"]
[Result "0-1"]
[Round "5"]
[TimeControl "180+1"]
[Date "2023.08.22"]
[WhiteClock "0:00:10"]
[BlackClock "0:00:43"]
[Board "178"]

1. d4 Nf6 2. Nf3 e6 3. g3 b5 4. Bg2 Bb7 5. O-O Be7 6. a4 b4 7. c4 bxc3 8. Nxc3 O-O 9. a5 d5 10. Ne5 c5 11. dxc5 Bxc5 12. Bf4 Nbd7 13. Qb3 Ba6 14. Rfc1 Rc8 15. e3 h6 16. Nxd7 Nxd7 17. e4 g5 18. Bd2 d4 19. Na4 Be7 20. Bb4 Bxb4 21. Qxb4 e5 22. Qd6 Bb5 23. Qxh6 Rxc1+ 24. Rxc1 Bxa4 25. Bh3 Qf6 26. Qh5 Rd8 27. Bf5 Nf8 28. h4 g4 29. Qxg4+ Qg7 30. Qf3 d3 31. Ra1 d2 32. b3 Bb5 33. Rd1 Ne6 34. Qe3 a6 35. Rxd2 Rxd2 36. Qxd2 Qf6 37. Kg2 Kg7 38. Bg4 Nd4 39. h5 Nxb3 40. Qb4 Nd4 41. Qc5 Ne6 42. Qb6 Ng5 43. Qe3 Bc6 44. f3 Ne6 45. Qb6 Bb5 46. Qd6 Nf4+ 47. gxf4 Qxd6 0-1


[Site "https://www.chess.com"]

[Event "Titled Tuesday Blitz August 22 Early 2023"]
[White "Senft, Sean"]
[Black "Caspi, Israel"]
[WhiteFideId "2044960"]
[BlackFideId "2807394"]
[WhiteElo "2347"]
[BlackElo "2579"]
[Result "0-1"]
[Round "5"]
[TimeControl "180+1"]
[Date "2023.08.22"]
[WhiteClock "0:00:12"]
[BlackClock "0:00:38"]
[Board "180"]

1. d4 Nf6 2. c4 e6 3. Nc3 Bb4 4. Nf3 O-O 5. Bg5 h6 6. Bh4 c5 7. e3 cxd4 8. exd4 Qa5 9. Bxf6 Bxc3+ 10. bxc3 Qxc3+ 11. Nd2 gxf6 12. Qg4+ Kh7 13. Rd1 Nc6 14. d5 Ne5 15. Qh4 Ng6 16. Qh5 Nf4 17. Qf3 Qe5+ 18. Be2 Nxe2 19. Qxe2 Qxe2+ 20. Kxe2 f5 21. Nf3 b6 22. d6 f6 23. a4 Ba6 24. Rc1 Rac8 25. Kd3 Rc5 26. Rc3 Rfc8 27. Rhc1 Rd5+ 28. Ke3 Rxd6 29. Nd4 f4+ 30. Ke4 Bb7+ 31. Kd3 e5 32. c5 Rxd4+ 33. Ke2 0-1


[Site "https://www.chess.com"]

[Event "Titled Tuesday Blitz August 22 Early 2023"]
[White "Aggelis, Nikolaos"]
[Black "Pavlidou, Ekaterini"]
[WhiteFideId "4213220"]
[BlackFideId "4213262"]
[WhiteElo "2578"]
[BlackElo "2346"]
[Result "1/2-1/2"]
[Round "5"]
[TimeControl "180+1"]
[Date "2023.08.22"]
[WhiteClock "0:00:10"]
[BlackClock "0:00:26"]
[Board "181"]

1. c4 e5 2. Nc3 Nc6 3. g3 g6 4. Bg2 Bg7 5. d3 d6 6. Nf3 f5 7. O-O h6 8. Rb1 a5 9. a3 Nge7 10. b4 axb4 11. axb4 Be6 12. b5 Nd4 13. Bb2 O-O 14. e3 Nxf3+ 15. Qxf3 c6 16. Qe2 d5 17. bxc6 bxc6 18. cxd5 cxd5 19. d4 Bc8 20. Rfd1 Ba6 21. Qd2 e4 22. Bf1 Nc6 23. Bxa6 Rxa6 24. Ra1 Na5 25. Qe2 Rff6 26. Ba3 Nc4 27. Bc5 Qa8 28. Rxa6 Rxa6 29. Rc1 Ra1 30. Qf1 Rxc1 31. Qxc1 Bf8 32. Bxf8 Kxf8 33. Ne2 g5 34. Qb1 Kg7 35. Qb4 Kg6 36. Kg2 Qa2 37. Qe7 Nxe3+ 38. Kh1 Qb1+ 39. Ng1 Ng4 40. Qe8+ Kg7 41. Qe7+ Kg6 42. Qe8+ Kg7 43. Qe7+ Kg6 1/2-1/2


[Site "https://www.chess.com"]

[Event "Titled Tuesday Blitz August 22 Early 2023"]
[White "Ziatdinov, Raset"]
[Black "Kochiev, Ivan"]
[WhiteFideId "2015323"]
[BlackFideId "2917890"]
[WhiteElo "2347"]
[BlackElo "2578"]
[Result "1-0"]
[Round "5"]
[TimeControl "180+1"]
[Date "2023.08.22"]
[WhiteClock "0:00:35"]
[BlackClock "0:00:01"]
[Board "182"]

1. e4 c5 2. Nf3 d6 3. d4 cxd4 4. Nxd4 Nf6 5. Nc3 Nc6 6. f3 e5 7. Nb3 Be6 8. Be3 Be7 9. Qd2 a6 10. O-O-O Qc7 11. g4 h5 12. g5 Nd7 13. Nd5 Bxd5 14. exd5 Nd8 15. Rg1 g6 16. Bh3 b6 17. f4 Qc4 18. Bxd7+ Kxd7 19. fxe5 dxe5 20. d6 Bf8 21. Bxb6 Ne6 22. Rgf1 Nxg5 23. Qxg5 Bh6 24. Nc5+ Kc6 25. Qxh6 Rxh6 26. b3 Qb4 27. Na4 Qa3+ 28. Kb1 Rhh8 29. Rxf7 Rac8 30. Bc5 Qxc5 31. Nxc5 Kxc5 32. d7 Rcd8 33. Rf6 Rhg8 34. Rxa6 Rg7 35. Rad6 g5 36. a4 e4 37. c3 Re7 38. R1d5# 1-0


[Site "https://www.chess.com"]

[Event "Titled Tuesday Blitz August 22 Early 2023"]
[White "Bifulco, Michel"]
[Black "brm72"]
[WhiteFideId "828580"]
[WhiteElo "2342"]
[BlackElo "2567"]
[Result "0-1"]
[Round "5"]
[TimeControl "180+1"]
[Date "2023.08.22"]
[WhiteClock "0:00:03"]
[BlackClock "0:01:32"]
[Board "183"]

1. d4 Nf6 2. c4 g6 3. Nc3 d5 4. Bf4 Bg7 5. e3 O-O 6. cxd5 Nxd5 7. Nxd5 Qxd5 8. Bxc7 Bf5 9. Ne2 Nc6 10. Nc3 Qd7 11. Bg3 Rac8 12. Bb5 a6 13. Bxc6 Qxc6 14. O-O Rfd8 15. Qf3 Qb6 16. Nd5 Qe6 17. Nf4 Qb6 18. Nd5 Qe6 19. Nf4 Qd7 20. Rac1 e5 21. dxe5 Bxe5 22. Rxc8 Rxc8 23. Nd5 Qd6 24. Rd1 Rc2 25. Nb4 Rd2 26. Rc1 Bxg3 27. hxg3 Qxb4 0-1


[Site "https://www.chess.com"]

[Event "Titled Tuesday Blitz August 22 Early 2023"]
[White "Vaglio Munoz, Jaime"]
[Black "Kozin, Yuri"]
[WhiteFideId "6500145"]
[BlackFideId "4129920"]
[WhiteElo "2340"]
[BlackElo "2560"]
[Result "0-1"]
[Round "5"]
[TimeControl "180+1"]
[Date "2023.08.22"]
[WhiteClock "0:00:00"]
[BlackClock "0:00:15"]
[Board "184"]

1. Nf3 c5 2. c4 Nf6 3. b3 Nc6 4. Bb2 e6 5. g3 Be7 6. Bg2 O-O 7. O-O d6 8. d4 cxd4 9. Nxd4 Ne5 10. h3 a6 11. Nc3 Qc7 12. Rc1 Bd7 13. f4 Ng6 14. e4 Rac8 15. Kh2 h5 16. Qe2 Qb8 17. Rce1 h4 18. g4 e5 19. Nf5 Bxf5 20. gxf5 Nxf4 21. Rxf4 exf4 22. Nd5 Nxd5 23. exd5 Bg5 24. f6 Rfe8 25. Qg4 Bh6 26. Re7 Rxe7 27. fxe7 Re8 28. Bf6 Qc7 29. Bxh4 Rxe7 30. Bxe7 Qxe7 31. Bf3 g6 32. h4 Kh7 33. h5 Qe3 34. hxg6+ fxg6 35. Qd7+ Kg8 36. Qe6+ Kh7 37. Qd7+ Bg7 38. Qh3+ Kg8 39. Qc8+ Bf8 40. Qe6+ Kg7 41. Qxe3 fxe3 42. Kg3 Kf6 43. Kf4 Bh6+ 44. Ke4 a5 45. a3 b6 46. b4 Ke7 47. Bg4 Bg5 48. Kd3 Bf4 49. bxa5 bxa5 50. Ke4 g5 0-1


[Site "https://www.chess.com"]

[Event "Titled Tuesday Blitz August 22 Early 2023"]
[White "Martins, Bruno Andre Leite"]
[Black "laidfrq"]
[WhiteFideId "1942255"]
[WhiteElo "2559"]
[BlackElo "2338"]
[Result "0-1"]
[Round "5"]
[TimeControl "180+1"]
[Date "2023.08.22"]
[WhiteClock "0:01:31"]
[BlackClock "0:01:59"]
[Board "185"]

1. e4 c5 2. Nf3 e6 3. d4 cxd4 4. Nxd4 a6 5. c4 Nf6 6. Nc3 Bb4 7. Bd3 Nc6 8. Be3 Ne5 9. h3 d5 10. cxd5 exd5 11. Qa4+ b5 12. Qc2 Nxd3+ 13. Qxd3 dxe4 14. Qc2 Bxc3+ 15. bxc3 O-O 16. Rd1 Nd5 17. Qxe4 Re8 18. Qf3 Bb7 19. Qg3 Nxc3 20. Rd3 Ne4 21. Qg4 Nf6 22. Qg3 Qa5+ 23. Ke2 Qxa2+ 24. Rd2 Qc4+ 25. Kd1 Ne4 0-1


[Site "https://www.chess.com"]

[Event "Titled Tuesday Blitz August 22 Early 2023"]
[White "Mikhaylova, Irina"]
[Black "Ganiev, Roman"]
[WhiteFideId "4109040"]
[BlackFideId "4131452"]
[WhiteElo "2337"]
[BlackElo "2555"]
[Result "0-1"]
[Round "5"]
[TimeControl "180+1"]
[Date "2023.08.22"]
[WhiteClock "0:00:09"]
[BlackClock "0:00:12"]
[Board "186"]

1. Nf3 Nf6 2. c4 e6 3. g3 b6 4. Bg2 Bb7 5. O-O Be7 6. d4 O-O 7. Nc3 Ne4 8. Bd2 Nxd2 9. Qxd2 d6 10. Ne1 Bxg2 11. Nxg2 Nc6 12. d5 Ne5 13. b3 Qd7 14. f4 Ng4 15. h3 Nf6 16. g4 exd5 17. cxd5 b5 18. b4 c6 19. e4 cxd5 20. exd5 Bd8 21. Kh2 Re8 22. Rfe1 Bb6 23. Rxe8+ Rxe8 24. Re1 a6 25. a3 h6 26. Re2 Rxe2 27. Qxe2 Bd4 28. Ne4 Qe7 29. Nxf6+ Qxf6 30. Qe8+ Kh7 31. Qe4+ g6 32. g5 hxg5 33. fxg5 Be5+ 34. Kg1 Qxg5 35. Qe2 Qc1+ 36. Qf1 Bd4+ 37. Ne3 Bxe3+ 38. Kg2 Qxf1+ 39. Kxf1 Bc1 40. Ke2 Bxa3 41. Kf3 Bxb4 42. Ke4 Bc5 43. Kf4 Kg7 0-1


[Site "https://www.chess.com"]

[Event "Titled Tuesday Blitz August 22 Early 2023"]
[White "Ismayil, Malak"]
[Black "disciplinedbrat"]
[WhiteFideId "13412604"]
[WhiteElo "2524"]
[BlackElo "2324"]
[Result "1-0"]
[Round "5"]
[TimeControl "180+1"]
[Date "2023.08.22"]
[WhiteClock "0:00:15"]
[BlackClock "0:00:00"]
[Board "187"]

1. e4 c6 2. d4 d5 3. Nc3 dxe4 4. Nxe4 Nf6 5. Nxf6+ exf6 6. Be3 Bd6 7. Bd3 O-O 8. Ne2 Re8 9. c4 Bb4+ 10. Nc3 Nd7 11. O-O Nf8 12. a3 Ba5 13. b4 Bc7 14. Ne2 Ne6 15. Bc2 Qd6 16. Ng3 g6 17. d5 cxd5 18. cxd5 Nf4 19. Bxf4 Qxf4 20. Ba4 Rd8 21. Rc1 h5 22. Qf3 Qxf3 23. gxf3 Bxg3 24. hxg3 Rxd5 25. Rfe1 Bd7 26. Bc2 Rc8 27. Be4 Rxc1 28. Rxc1 Re5 29. Bxb7 g5 30. Rd1 Bb5 31. Kg2 Kg7 32. Bd5 Be2 33. Rd2 g4 34. Bc6 Bc4 35. fxg4 hxg4 36. Rd4 Be2 37. a4 a6 38. Rf4 f5 39. Rd4 Kg6 40. Bb7 f6 41. Rf4 Bd3 42. Rd4 Bc2 43. Bc6 Re1 44. b5 1-0


[Site "https://www.chess.com"]

[Event "Titled Tuesday Blitz August 22 Early 2023"]
[White "micke12a"]
[Black "Tikhonov, Viacheslav"]
[BlackFideId "44196407"]
[WhiteElo "2324"]
[BlackElo "2501"]
[Result "0-1"]
[Round "5"]
[TimeControl "180+1"]
[Date "2023.08.22"]
[WhiteClock "0:01:51"]
[BlackClock "0:01:58"]
[Board "188"]

1. e4 c5 2. Nc3 Nc6 3. Bb5 Nd4 4. Nf3 e6 5. Bc4 a6 6. Ne2 Nxf3+ 7. gxf3 d5 8. exd5 b5 9. Bd3 c4 10. dxe6 cxd3 11. exf7+ Kxf7 12. cxd3 Qe7 13. O-O Bh3 14. Re1 Re8 15. d4 Qf6 16. Qb3+ Qe6 17. Qxe6+ Rxe6 18. d3 Bb4 19. d5 Re8 0-1


[Site "https://www.chess.com"]

[Event "Titled Tuesday Blitz August 22 Early 2023"]
[White "Carre, Sylvain"]
[Black "Goffredo_Fofi"]
[WhiteFideId "642118"]
[WhiteElo "2322"]
[BlackElo "2498"]
[Result "0-1"]
[Round "5"]
[TimeControl "180+1"]
[Date "2023.08.22"]
[WhiteClock "0:00:03"]
[BlackClock "0:00:15"]
[Board "189"]

1. d4 g6 2. Bf4 Bg7 3. Nf3 f5 4. e3 Nf6 5. c4 d6 6. Nc3 O-O 7. Rc1 c6 8. Be2 Qe8 9. d5 Na6 10. a3 Bd7 11. b4 cxd5 12. cxd5 Rc8 13. Nd4 Nc7 14. Qb3 h6 15. O-O g5 16. Bg3 Nh5 17. Ne6 Bxe6 18. dxe6 Qg6 19. Nd5 Nxd5 20. Qxd5 Nxg3 21. hxg3 Rxc1 22. Rxc1 f4 23. Qxb7 fxg3 24. Qxe7 gxf2+ 25. Kf1 Qe4 26. Bf3 Qxe3 27. Rd1 Bc3 28. Be2 Be5 29. Qxd6 Bxd6 0-1


[Site "https://www.chess.com"]

[Event "Titled Tuesday Blitz August 22 Early 2023"]
[White "Afanasieva, Alexandra"]
[Black "FromTexas54"]
[WhiteFideId "34126926"]
[WhiteElo "2318"]
[BlackElo "2496"]
[Result "1-0"]
[Round "5"]
[TimeControl "180+1"]
[Date "2023.08.22"]
[WhiteClock "0:00:59"]
[BlackClock "0:00:00"]
[Board "190"]

1. e4 g6 2. d4 Bg7 3. Nc3 d6 4. Nf3 Nc6 5. Bg5 h6 6. Be3 Nf6 7. h3 O-O 8. Qd2 Kh7 9. g4 e5 10. d5 Ne7 11. g5 hxg5 12. Nxg5+ Kg8 13. h4 Nh5 14. Be2 Nf4 15. Bxf4 exf4 16. h5 Be5 17. O-O-O gxh5 18. Rdg1 Ng6 19. Bxh5 Qf6 20. Nh7 Qg7 21. Nxf8 Kxf8 22. Bxg6 fxg6 23. f3 Bd7 24. Rg2 g5 25. Rgh2 Re8 26. Rh7 Kf7 27. Rxg7+ Bxg7 28. Qh2 Rh8 29. Qxh8 Bxh8 30. Rxh8 1-0


[Site "https://www.chess.com"]

[Event "Titled Tuesday Blitz August 22 Early 2023"]
[White "Sovetbekova, Nurai"]
[Black "Czerw, Dawid"]
[WhiteFideId "13801910"]
[BlackFideId "1145746"]
[WhiteElo "2316"]
[BlackElo "2491"]
[Result "0-1"]
[Round "5"]
[TimeControl "180+1"]
[Date "2023.08.22"]
[WhiteClock "0:00:05"]
[BlackClock "0:00:35"]
[Board "191"]

1. d4 Nf6 2. c4 g6 3. Nc3 Bg7 4. e4 d6 5. Nf3 O-O 6. Be2 e5 7. d5 Na6 8. Nd2 Ne8 9. h4 f5 10. h5 f4 11. hxg6 hxg6 12. a3 c5 13. Nf3 Nac7 14. Nh4 Qf6 15. Bg4 Qg5 16. Bxc8 Rxc8 17. Qf3 Nf6 18. Bd2 a6 19. O-O-O b5 20. g3 Nh5 21. gxf4 exf4 22. Rdg1 Qf6 23. Nxg6 bxc4 24. Qxh5 Nb5 25. Nxf8 Rxf8 26. Rg6 Qd4 27. Rhg1 Rf7 28. Qg4 Qe5 29. Rh1 Nd4 30. Qc8+ Rf8 31. Qh3 Nb3+ 32. Kc2 Qd4 33. Bc1 f3 34. Qh7+ Kf7 35. Rhg1 Qd3# 0-1


[Site "https://www.chess.com"]

[Event "Titled Tuesday Blitz August 22 Early 2023"]
[White "Chernikov, Vladimir"]
[Black "Coelho, Ramyres Santana"]
[WhiteFideId "14112914"]
[BlackFideId "2120690"]
[WhiteElo "2489"]
[BlackElo "2314"]
[Result "0-1"]
[Round "5"]
[TimeControl "180+1"]
[Date "2023.08.22"]
[WhiteClock "0:00:49"]
[BlackClock "0:00:55"]
[Board "192"]

1. b3 e6 2. Bb2 Nf6 3. Nf3 Be7 4. e3 O-O 5. d4 d5 6. Bd3 c5 7. Nbd2 cxd4 8. exd4 b6 9. O-O Bb7 10. Qe2 Nbd7 11. Ne5 Rc8 12. f4 Nxe5 13. fxe5 Ne4 14. Nxe4 dxe4 15. Bxe4 Bxe4 16. Qxe4 Qd5 17. Qxd5 exd5 18. Rf2 f6 19. Rc1 fxe5 20. Rxf8+ Bxf8 21. dxe5 Bc5+ 22. Kh1 Be3 23. Rf1 Rxc2 24. e6 Bc5 25. Be5 Re2 26. Bb8 a5 27. g3 Rxe6 28. Rd1 d4 29. Rd2 Re8 30. Bf4 Kf7 31. Kg2 Kf6 32. Kf3 h6 33. h4 g5 34. hxg5+ hxg5 35. Bc7 Rc8 36. Bd6 Bxd6 37. Rxd4 Rc3+ 38. Ke2 Bxg3 39. Rd8 Be5 40. Kd2 Rc6 41. Rf8+ Kg6 42. Ke3 Rf6 43. Rc8 Kf5 44. Rc2 g4 45. Rf2+ Kg5 46. Rg2 g3 47. Ke4 Bc7 48. Rc2 Bd6 49. Rc8 g2 50. Rg8+ Rg6 0-1


[Site "https://www.chess.com"]

[Event "Titled Tuesday Blitz August 22 Early 2023"]
[White "Skaric, Djuro"]
[Black "Bazilius, Augustinas"]
[WhiteFideId "934569"]
[BlackFideId "12832251"]
[WhiteElo "2314"]
[BlackElo "2482"]
[Result "1-0"]
[Round "5"]
[TimeControl "180+1"]
[Date "2023.08.22"]
[WhiteClock "0:00:59"]
[BlackClock "0:00:02"]
[Board "193"]

1. g3 Nf6 2. Bg2 c5 3. d3 d5 4. Nf3 g6 5. O-O Bg7 6. h3 O-O 7. Nc3 Nc6 8. e4 e5 9. Nd2 Be6 10. f4 exf4 11. gxf4 dxe4 12. dxe4 Qd7 13. Kh2 Rad8 14. e5 Nd5 15. Nde4 Nxc3 16. Qxd7 Rxd7 17. bxc3 b6 18. Nxc5 bxc5 19. Bxc6 Rc7 20. Be4 f6 21. f5 fxe5 22. f6 Rxf6 23. Be3 Rxf1 24. Rxf1 Bxa2 25. Rd1 Be6 26. Rd8+ Kf7 27. Rb8 Bf8 28. Kg3 Bf5 29. Bd5+ Be6 30. Be4 Be7 31. Rh8 Kg7 32. Ra8 Bf8 33. Re8 Bf5 34. Bd5 Rd7 35. c4 Re7 36. Ra8 Rc7 37. Rb8 Bd6 38. Kg2 Bxc2 39. Rd8 Be7 40. Re8 Bf5 41. h4 Bxh4 42. Rxe5 Bf6 43. Re8 Re7 44. Rg8# 1-0


[Site "https://www.chess.com"]

[Event "Titled Tuesday Blitz August 22 Early 2023"]
[White "Fernandez Lopez, Ruben"]
[Black "Blokhin, Sofia"]
[WhiteFideId "24518298"]
[BlackFideId "4508190"]
[WhiteElo "2467"]
[BlackElo "2299"]
[Result "1-0"]
[Round "5"]
[TimeControl "180+1"]
[Date "2023.08.22"]
[WhiteClock "0:00:57"]
[BlackClock "0:00:05"]
[Board "194"]

1. b3 d5 2. Bb2 Nf6 3. Bc1 e6 4. Ba3 Bxa3 5. Nxa3 c5 6. e3 O-O 7. Nf3 Nc6 8. Be2 a6 9. O-O b5 10. c4 b4 11. Nc2 Bb7 12. d4 cxd4 13. Nfxd4 Nxd4 14. Qxd4 a5 15. Rfd1 Qc7 16. Rac1 dxc4 17. Bxc4 Qc6 18. f3 Qc7 19. Qh4 Qe5 20. Qd4 Qg5 21. Qb6 Bxf3 22. Rd2 Ne4 23. Rcd1 Nxd2 24. Rxd2 Rad8 25. Rf2 Rd1+ 26. Bf1 Rfd8 27. Rxf3 h5 28. Nd4 h4 29. Qc7 Rf8 30. Qd6 Rd8 31. Qc7 Rf8 32. Qc6 e5 33. Ne6 Qg6 34. Qc5 Qxe6 35. Qxa5 e4 36. Rf2 Rfd8 37. Qxb4 Qg6 38. h3 Qg5 39. Qc4 Qxe3 40. Qxf7+ Kh8 41. Qh5+ Qh6 42. Qe2 e3 43. Rf3 R1d2 44. Qxe3 Qxe3+ 45. Rxe3 Rxa2 46. Bc4 Ra1+ 47. Kf2 Rdd1 48. Re4 Rd2+ 49. Ke3 Rdd1 50. Rxh4# 1-0


[Site "https://www.chess.com"]

[Event "Titled Tuesday Blitz August 22 Early 2023"]
[White "Seletsky, Grigory"]
[Black "Ruge, Edison"]
[WhiteFideId "14112191"]
[BlackFideId "4401000"]
[WhiteElo "2461"]
[BlackElo "2276"]
[Result "1-0"]
[Round "5"]
[TimeControl "180+1"]
[Date "2023.08.22"]
[WhiteClock "0:00:14"]
[BlackClock "0:00:01"]
[Board "195"]

1. d4 d5 2. c4 e5 3. dxe5 d4 4. Nf3 Nc6 5. g3 Bg4 6. Bg2 Qd7 7. h3 Bxf3 8. Bxf3 Nxe5 9. Bxb7 Rd8 10. Bg2 Nxc4 11. O-O Ne7 12. Nd2 Nxd2 13. Bxd2 g6 14. Rc1 Bg7 15. Qc2 Rc8 16. Bb7 Rb8 17. Bg2 O-O 18. b3 c6 19. Rfd1 Rfd8 20. Ba5 Rdc8 21. e3 c5 22. Be1 Qb5 23. Qc4 Qxc4 24. Rxc4 Nf5 25. exd4 Bxd4 26. g4 Nd6 27. Rc2 Re8 28. Kf1 Ne4 29. Bxe4 Rxe4 30. Re2 Rxe2 31. Kxe2 Re8+ 32. Kd3 Re6 33. a4 Rb6 34. Kc4 Rf6 35. b4 Rf4 36. bxc5 Bxf2+ 37. Kb5 a6+ 38. Kxa6 Bxc5 39. Kb5 Be3 40. a5 h5 41. a6 hxg4 42. hxg4 Rxg4 43. Rd3 Ba7 44. Bc3 Rg5+ 45. Kc6 Rc5+ 46. Kb7 Rxc3 47. Rxc3 Bf2 48. a7 Bxa7 49. Kxa7 f5 50. Kb6 Kf7 51. Kc5 Ke6 52. Kd4 g5 53. Rc6+ 1-0


[Site "https://www.chess.com"]

[Event "Titled Tuesday Blitz August 22 Early 2023"]
[White "laimis61"]
[Black "Ljukin, Sergei"]
[BlackFideId "14102200"]
[WhiteElo "2269"]
[BlackElo "2448"]
[Result "0-1"]
[Round "5"]
[TimeControl "180+1"]
[Date "2023.08.22"]
[WhiteClock "0:00:00"]
[BlackClock "0:00:40"]
[Board "196"]

1. e4 e6 2. d4 d5 3. Nc3 Bb4 4. Ne2 Nc6 5. e5 f6 6. exf6 Nxf6 7. a3 Ba5 8. b4 Bb6 9. Na4 O-O 10. Bf4 Ne4 11. Nxb6 axb6 12. f3 Nd6 13. Bg3 Nc4 14. Qc1 e5 15. dxe5 N6xe5 16. Nd4 c5 17. bxc5 bxc5 18. Bxc4 Nxc4 19. Ne2 Qa5+ 20. Kf2 b5 21. Rd1 d4 22. Qg5 Qb6 23. Qd5+ Be6 24. Qh5 Nxa3 25. Nf4 Bf7 26. Qg4 Nxc2 27. Rxa8 Rxa8 28. Bh4 Ne3 0-1


[Site "https://www.chess.com"]

[Event "Titled Tuesday Blitz August 22 Early 2023"]
[White "Carroll, Thomas"]
[Black "Hoffmann, Asa"]
[WhiteFideId "450111"]
[BlackFideId "2001470"]
[WhiteElo "2441"]
[BlackElo "2267"]
[Result "1-0"]
[Round "5"]
[TimeControl "180+1"]
[Date "2023.08.22"]
[WhiteClock "0:01:42"]
[BlackClock "0:01:38"]
[Board "197"]

1. c4 Nf6 2. Nc3 d6 3. g3 c6 4. Bg2 e5 5. e4 Be6 6. Nge2 d5 7. cxd5 cxd5 8. exd5 Nxd5 9. O-O Nc6 10. d4 exd4 11. Nxd4 Nxc3 12. bxc3 Bd5 13. Re1+ Be7 14. Nxc6 Bxc6 15. Ba3 Bxg2 16. Qxd8+ Kxd8 17. Bxe7+ Kd7 18. Kxg2 Rhe8 19. Rad1+ Kc6 20. Bb4 a5 21. Ba3 b5 22. Kf1 Reb8 23. Rd6+ Kc7 24. Re7+ Kc8 1-0


[Site "https://www.chess.com"]

[Event "Titled Tuesday Blitz August 22 Early 2023"]
[White "Herman, Daniel"]
[Black "Rodriguez Santiago, Jaime"]
[WhiteFideId "30935008"]
[BlackFideId "3100898"]
[WhiteElo "2432"]
[BlackElo "2257"]
[Result "1-0"]
[Round "5"]
[TimeControl "180+1"]
[Date "2023.08.22"]
[WhiteClock "0:00:07"]
[BlackClock "0:00:00"]
[Board "198"]

1. e4 c6 2. d4 d5 3. e5 Bf5 4. h4 h5 5. Bd3 Bxd3 6. Qxd3 Qa5+ 7. Nd2 Qa6 8. c4 e6 9. Ngf3 Ne7 10. O-O c5 11. dxc5 Nbc6 12. Qc2 d4 13. Ne4 Nf5 14. Bg5 Qa5 15. a3 Qc7 16. Nd6+ Bxd6 17. cxd6 Qb6 18. b4 O-O 19. Qd3 f6 20. c5 Qd8 21. exf6 gxf6 22. Qc4 fxg5 23. Qxe6+ Kh8 24. Nxg5 Qf6 25. Qd7 Qg6 26. g3 Rae8 27. Rae1 Ne5 28. Qxb7 Nxh4 29. gxh4 Nf3+ 30. Kh1 Rxe1 31. Rxe1 Nxe1 32. d7 d3 33. Qd5 Qf6 34. d8=Q Rxd8 35. Nf7+ Kg7 36. Nxd8 Qf3+ 37. Qxf3 Nxf3 38. Ne6+ Kf6 39. Nf4 d2 40. Nd5+ Ke5 41. Ne3 Ke4 42. Kg2 Nd4 43. Kf1 Kd3 44. a4 1-0


[Site "https://www.chess.com"]

[Event "Titled Tuesday Blitz August 22 Early 2023"]
[White "Bueno, Alfeu Junior Varela"]
[Black "Fernandez Hernandez, Gerardo"]
[WhiteFideId "2108879"]
[BlackFideId "2207400"]
[WhiteElo "2423"]
[BlackElo "2251"]
[Result "1/2-1/2"]
[Round "5"]
[TimeControl "180+1"]
[Date "2023.08.22"]
[WhiteClock "0:00:27"]
[BlackClock "0:00:20"]
[Board "199"]

1. e4 e6 2. d4 d5 3. Nd2 Nc6 4. Bb5 dxe4 5. Bxc6+ bxc6 6. Nxe4 Qd5 7. Qd3 Ba6 8. Qxa6 Qxe4+ 9. Ne2 Nf6 10. O-O Bd6 11. Nc3 Qxd4 12. Qxc6+ Ke7 13. Bg5 h6 14. Rad1 hxg5 15. Rxd4 Bxh2+ 16. Kh1 Be5+ 17. Kg1 Bh2+ 18. Kh1 Be5+ 19. Kg1 Bh2+ 1/2-1/2


[Site "https://www.chess.com"]

[Event "Titled Tuesday Blitz August 22 Early 2023"]
[White "AndresDelgado77"]
[Black "Mrudul Dehankar"]
[BlackFideId "25096990"]
[WhiteElo "2233"]
[BlackElo "2421"]
[Result "1-0"]
[Round "5"]
[TimeControl "180+1"]
[Date "2023.08.22"]
[WhiteClock "0:01:36"]
[BlackClock "0:01:43"]
[Board "200"]

1. e4 c6 2. Ne2 d5 3. e5 Bf5 4. Ng3 Bg6 5. h4 h6 6. h5 Bh7 7. e6 fxe6 8. d4 Qd6 9. Bd3 Bxd3 10. Qxd3 Nd7 11. Qg6+ Kd8 12. f4 Ngf6 13. O-O Rc8 14. Nd2 Kc7 15. Nf3 Kb8 16. Ne5 Ka8 17. Nf7 Qb4 18. c3 Qb6 19. Nxh8 c5 20. Rd1 cxd4 21. cxd4 e5 22. fxe5 Nxe5 23. Qf5 Neg4 24. Qxc8# 1-0


[Site "https://www.chess.com"]

[Event "Titled Tuesday Blitz August 22 Early 2023"]
[White "Tomaszewski, Kacper"]
[Black "KSho99"]
[WhiteFideId "1127373"]
[WhiteElo "2420"]
[BlackElo "2231"]
[Result "0-1"]
[Round "5"]
[TimeControl "180+1"]
[Date "2023.08.22"]
[WhiteClock "0:00:00"]
[BlackClock "0:00:01"]
[Board "201"]

1. Nf3 f5 2. d3 Nf6 3. Nbd2 d6 4. e4 e5 5. g3 Be7 6. Bg2 fxe4 7. Nxe4 Nxe4 8. dxe4 O-O 9. h3 Be6 10. O-O Nd7 11. Be3 Nb6 12. b3 a5 13. c4 a4 14. Kh2 Nd7 15. Ng1 Nc5 16. Bxc5 dxc5 17. Nf3 Bf6 18. Qc2 Qe8 19. Rad1 Qh5 20. Ng1 axb3 21. axb3 Ra3 22. Ne2 Rfa8 23. Nc3 c6 24. Rd6 Qf7 25. f4 exf4 26. gxf4 Qe7 27. e5 Bh4 28. Be4 g6 29. Rg1 Kh8 30. Bxg6 hxg6 31. Qxg6 Bg8 32. Qh5+ Bh7 33. Rh6 Rxb3 34. Ne4 Ra2+ 35. Rg2 Rxg2+ 36. Kxg2 Rb2+ 37. Kf3 Rb3+ 38. Ke2 Rb2+ 39. Kd3 Rg2 40. Rxh7+ Qxh7 41. Qe8+ Qg8 42. Qh5+ Qh7 43. Qe8+ Rg8 44. Qe6 Bd8 0-1


[Site "https://www.chess.com"]

[Event "Titled Tuesday Blitz August 22 Early 2023"]
[White "Ronka, Erik"]
[Black "le-castor-faineant"]
[WhiteFideId "505080"]
[WhiteElo "2418"]
[BlackElo "2231"]
[Result "0-1"]
[Round "5"]
[TimeControl "180+1"]
[Date "2023.08.22"]
[WhiteClock "0:00:07"]
[BlackClock "0:00:33"]
[Board "202"]

1. e4 e5 2. Nf3 Nf6 3. Nc3 Nc6 4. d4 exd4 5. Nxd4 Bc5 6. Be3 Nxd4 7. Bxd4 Bxd4 8. Qxd4 O-O 9. O-O-O d6 10. f3 a6 11. g4 b5 12. h4 Nd7 13. g5 Rb8 14. Rg1 Ne5 15. Be2 b4 16. Nd5 Be6 17. f4 Bxd5 18. exd5 Nd7 19. h5 f5 20. h6 Qe7 21. hxg7 Qxg7 22. Qf2 Nc5 23. g6 h6 24. Bf3 Na4 25. Rd4 Rf6 26. Be2 Re8 27. Bxa6 Re4 28. Rxe4 fxe4 29. Bb5 Nxb2 30. f5 e3 31. Qxe3 Rxf5 32. Bd7 Rf8 33. Be6+ Kh8 34. Re1 Nc4 35. Qe4 Qa1# 0-1


[Site "https://www.chess.com"]